 Dungeon Crawl Stone Soup version 0.20.1-1-g8b1a95d (webtiles) character file.

359 Sandy the Cutter (level 6, -1/44 HPs)
             Began as a Human Hunter on Aug 31, 2017.
             Succumbed to NorthaanB's ghost's poison
             ... on level 7 of the Dungeon.
             The game lasted 00:15:47 (3688 turns).

Sandy the Cutter (Human Hunter)                     Turns: 3688, Time: 00:15:48

Health: -1/44      AC:  3    Str: 12    XL:     6   Next: 97%
Magic:  1/6        EV: 12    Int: 12    God:
Gold:   131        SH:  0    Dex: 15    Spells: 5/5 levels left

rFire    . . .     SeeInvis .   a - +1 shortbow
rCold    . . .     Gourm    .   (shield currently unavailable)
rNeg     . . .     Faith    .   c - +0 leather armour
rPois    .         Spirit   +   (no helmet)
rElec    .         Reflect  .   (no cloak)
rCorr    .         Harm     .   (no gloves)
MR       .....                  (no boots)
Stlth    ++........             e - amulet of guardian spirit
Regen    0.2/turn               g - ring of wizardry
MPRegen  0.1/turn               (no ring)

@: lethally poisoned (-1 -> -41)
A: no striking features
a: no special abilities


You were on level 7 of the Dungeon.
You were not hungry.

You visited 1 branch of the dungeon, and saw 7 of its levels.
You also visited: Sewer.

You collected 131 gold pieces.

Inventory:

Hand Weapons
 a - a +1 shortbow (weapon)
 b - a +0 dagger of venom
 s - a +0 short sword
 t - a +1 whip of venom
 v - a +1 dagger of pain
Missiles
 d - 22 arrows (quivered)
 j - 3 exploding tomahawks
 l - 64 stones
Armour
 c - a +0 leather armour (worn)
Jewellery
 e - an amulet of guardian spirit (around neck)
 g - a ring of wizardry (left hand)
 p - a +4 ring of intelligence {unknown}
Scrolls
 i - 4 scrolls of identify {unknown}
 k - 2 scrolls of immolation {unknown}
 o - a scroll of magic mapping {unknown}
 x - a scroll of remove curse
Potions
 h - 4 potions of flight
 n - 2 potions of invisibility
 u - a potion of ambrosia
Books
 w - a book of Cantrips

   Spells                             Type                      Level
   a - Confusing Touch                Hexes                        1
   b - Animate Skeleton               Necromancy                   1
   c - Summon Small Mammal            Summoning                    1
   d - Apportation                    Translocation                1
Comestibles
 f - a bread ration
 m - 4 royal jellies
 q - a meat ration


   Skills:
 - Level 2.0 Fighting
 + Level 6.4 Short Blades
 - Level 4.0 Bows
 - Level 2.0 Dodging
 - Level 1.0 Stealth


You had 5 spell levels left.
You didn't know any spells.

Dungeon Overview and Level Annotations

Branches:
Dungeon (7/15)
 Temple: D:4-7

Altars:
Vehumet
Zin
The Shining One

Annotations:
D:7 NorthaanB's ghost, novice OpWz


Message History

* * * LOW HITPOINT WARNING * * *
You feel very sick. NorthaanB's ghost hits you.
* * * LOW HITPOINT WARNING * * *
You are more poisoned.
NorthaanB's ghost casts a spell.
NorthaanB's ghost blinks!
* * * LOW HITPOINT WARNING * * *
You feel very sick. NorthaanB's ghost casts a spell at you.
The magic dart hits you!
* * * LOW HITPOINT WARNING * * *
You see here 7 arrows.
Firing (i - inventory. (,) - cycle):
d - 23 arrows (quivered)
Press: ? - help, Shift-Dir - straight line, f/p - NorthaanB's ghost
Aim: NorthaanB's ghost, wielding a weapon of venom (heavily damaged)
You shoot an arrow.
The arrow hits NorthaanB's ghost but does no damage.
NorthaanB's ghost is heavily damaged.
You die...

###########
#...(.....#
#.....<...#
#.........#
#.........#
####..#######
#@## #...#
#.###....
#.##..#
##.....#
#..W..##
#....###.......
###### .#..!..
_. ...Z .#. ...


You could see NorthaanB's ghost.

Vanquished Creatures
  An ogre (D:4)
  A scorpion (D:5)
  2 orc wizards
  An iguana (D:4)
  3 adders
  A river rat (D:3)
  An ooze (D:3)
  3 worms
  A dart slug (D:1)
  4 leopard geckos
  12 orcs
  2 ball pythons
  9 giant cockroaches
  8 jackals
  4 bats
  3 frilled lizards
  4 goblins
  4 kobolds
  A leopard gecko skeleton (D:4)
  A quokka skeleton (D:5)
  7 rats (D:3)
73 creatures vanquished.

Notes
Turn   | Place    | Note
-------+----------+-------------------------------------------
     0 | D:1      | Sandy the Human Hunter began the quest for the Orb.
     0 | D:1      | Reached XP level 1. HP: 16/16 MP: 1/1
    74 | D:1      | Reached skill level 1 in Short Blades
   140 | D:2      | Reached XP level 2. HP: 5/22 MP: 2/2
   140 | D:2      | HP: 1/22 [goblin/club (4)]
   442 | D:2      | Found a glowing golden altar of the Shining One.
   530 | D:3      | Reached skill level 2 in Short Blades
   551 | D:3      | Reached XP level 3. HP: 18/27 MP: 3/3
   866 | D:3      | Reached skill level 3 in Short Blades
   899 | D:3      | Found a glowing drain.
   913 | Sewer    | Entered a sewer
   929 | Sewer    | Reached XP level 4. HP: 11/33 MP: 4/4
  1776 | D:3      | Found a glowing silver altar of Zin.
  1776 | D:3      | Noticed an angel
  1989 | D:4      | Reached skill level 4 in Short Blades
  1989 | D:4      | Reached XP level 5. HP: 3/38 MP: 5/5
  2324 | D:4      | Noticed an ogre
  2330 | D:4      | Killed an ogre
  2330 | D:4      | Reached skill level 5 in Short Blades
  2330 | D:4      | Reached XP level 6. HP: 44/44 MP: 6/6
  2650 | D:5      | Entered Level 5 of the Dungeon
  2673 | D:5      | Reached skill level 6 in Short Blades
  3139 | D:5      | Noticed an ogre
  3671 | D:7      | Found a radiant altar of Vehumet.
  3673 | D:7      | Noticed NorthaanB's ghost (novice OpWz)
  3688 | D:7      | Succumbed to NorthaanB's ghost's poison

Skill      XL: |  1  2  3  4  5  6 |
---------------+-------------------+-----
Short Blades   | 1 2 3 4 5 6 |  6.4
Fighting       | |  2.0
Bows           | |  4.0
Dodging        | |  2.0
Stealth        | |  1.0

Action                   |  1- 3 |  4- 6 || total
-------------------------+-------+-------++-------
Melee: Short sword       |    70 |   100 ||   170
       Dagger            |       |    59 ||    59
 Fire: Shortbow          |    30 |    92 ||   122
  Use: Potion            |     1 |     4 ||     5
       Scroll            |       |     3 ||     3
 Stab: Sleeping          |     1 |       ||     1
  Eat: Chunk             |       |     9 ||     9
Armor: Leather armour    |    36 |    59 ||    95
Dodge: Dodged            |    68 |   139 ||   207
